 Dungeon Crawl Stone Soup version 0.28-a0-1412-gf95308ed99 (webtiles) character file.

Game seed: 13178696368583200785

909 Armakuni the Skirmisher (level 7, -1/58 HPs)
             Began as a Mummy Fighter on Jan 6, 2022.
             Slain by a water moccasin (3 damage)
             ... on level 5 of the Dungeon.
             The game lasted 00:12:19 (6160 turns).

Armakuni the Skirmisher (Mummy Fighter)             Turns: 6160, Time: 00:12:20

Health: -1/58      AC:  7    Str: 22    XL:     7   Next: 81%
Magic:  7/7        EV: 10    Int:  9    God:
Gold:   174        SH:  4    Dex: 11    Spells: 6/6 levels left

rFire   x . .      SeeInvis +   a - +2 mace (vorpal)
rCold   + + .      Faith    .   c - +0 buckler
rNeg    + + +      Spirit   .   b - +3 leather armour of the Ward {Str+2}
rPois   ∞          Reflect  .   (no helmet)
rElec   .          Harm     .   e - +0 cloak
rCorr   .          Rampage  .   (no gloves)
Will    .....                   (no boots)
Stlth   +.........              (no amulet)
HPRegen 0.19/turn               J - ring of protection from cold
MPRegen 0.10/turn               I - ring of see invisible

@: no status effects
A: cold resistance 1, negative energy resistance 3, torment resistance 2, heat
vulnerability 1, no potions
a: no special abilities


You were on level 5 of the Dungeon.
You visited 1 branch of the dungeon, and saw 5 of its levels.

You collected 201 gold pieces.
You spent 27 gold pieces at shops.

Inventory:

Hand Weapons
 a - a +2 vorpal mace (weapon)
 d - a +0 flail
 h - a +7 flail of holy wrath
 l - a +2 dagger of venom
Armour
 b - the +3 leather armour of the Ward (worn) {Str+2}
   (You found it on level 5 of the Dungeon)

   Str:       It affects your strength (+2).
 c - a +0 buckler (worn)
 e - a +0 cloak (worn)
Magical Staves
 g - a staff of death
Jewellery
 I - a ring of see invisible (right hand)
 J - a ring of protection from cold (left hand)
Wands
 k - a wand of digging (6)
Scrolls
 f - a scroll of identify
 i - 4 scrolls of vulnerability


   Skills:
 + Level 6.2 Fighting
 - Level 4.0 Maces & Flails
 - Level 2.4 Armour
 - Level 4.0 Shields
 - Level 3.0 Evocations


You had 6 spell levels left.
You didn't know any spells.
Your spell library contained the following spells:

 Spells                   Type           Power      Damage    Failure   Level
 Apportation              Tloc           0%         N/A       52%         1
 Static Discharge         Conj/Air       0%         N/A       67%         2
 Alistair's Intoxication  Tmut/Pois      0%         N/A       100%        5
 Freezing Cloud           Conj/Ice/Air   0%         6-21      100%        5
 Lightning Bolt           Conj/Air       0%         1d11      100%        5
 Simulacrum               Ice/Necr       0%         N/A       100%        6
 Maxwell's Capacitive Co  Air            0%         ∞         100%        8
 Polar Vortex             Ice            0%         N/A       100%        9


Dungeon Overview and Level Annotations

Branches:
Dungeon (5/15)
 Temple: D:4-7

Altars:
Hepliaklqana
Kikubaaqudgha
Sif Muna

Shops:
D:4 *

Annotations:
D:4 Grinder


Innate Abilities, Weirdness & Mutations

You are immune to poison.
Your flesh is cold resistant. (rC+)
You are immune to negative energy. (rN+++)
You are immune to unholy pain and torment.
You are vulnerable to heat. (rF-)
You do not drink.


Message History

You block the water moccasin's attack.
You hit the water moccasin but do no damage.
The water moccasin is heavily wounded.
The water moccasin bites you.
You barely miss the water moccasin.
The water moccasin is heavily wounded.
The water moccasin bites you.
* * * LOW HITPOINT WARNING * * *
You block the water moccasin's attack.
You barely miss the water moccasin.
The water moccasin is heavily wounded.
The water moccasin bites you.
* * * LOW HITPOINT WARNING * * *
The water moccasin closely misses you.
You can't drink.
You hit the water moccasin but do no damage.
The water moccasin is heavily wounded.
The water moccasin misses you. The water moccasin barely misses you.
You barely miss the water moccasin.
The water moccasin is heavily wounded.
The water moccasin bites you.
* * * LOW HITPOINT WARNING * * *
You closely miss the water moccasin.
The water moccasin is heavily wounded.
The water moccasin misses you.
The water moccasin bites you but does no damage.
You hit the water moccasin but do no damage.
The water moccasin is heavily wounded.
The water moccasin bites you.
* * * LOW HITPOINT WARNING * * *
The water moccasin bites you but does no damage.
You completely miss the water moccasin.
The water moccasin is heavily wounded.
The water moccasin bites you.
* * * LOW HITPOINT WARNING * * *
The water moccasin closely misses you.
You completely miss the water moccasin.
The water moccasin is heavily wounded.
The water moccasin bites you.
You die...

#..........### ##
#............##.#
............##..######
........<..###.......##
............#..#......#
...#.....#.....#....######
..###[..######.....###.#.##
#...[.#)## #............##
#.....#).######.@##.....>..#
............##...S.:##....#
.#...................#...#
##...............=......#
##.....................####
<#.........##...........<.#####
.[.....#######......#..()..##.#
...##....#####.....##..(.###..##
#.####.............##...†.#....#


You could see a water moccasin.

Vanquished Creatures
  Sigmund (D:2)
  Edmund (D:4)
  Duvessa (D:4)
  Dowan (D:4)
  A water moccasin skeleton (D:4)
  A centaur zombie (D:5)
  A jelly (D:5)
  2 orc priests
  A gnoll shaman (D:3)
  An iguana (D:5)
  2 orc wizards (D:4)
  A hound zombie (D:5)
  A hound skeleton (D:5)
  An adder (D:2)
  9 gnolls
  An ufetubus (D:4)
  A dart slug (D:2)
  14 orcs
  14 endoplasms
  6 goblins (D:1)
  4 hobgoblins
  8 jackals
  4 kobolds
  6 quokkas
  6 ball pythons
  5 bats
  3 frilled lizards
  5 rats
102 creatures vanquished.

Notes
Turn   | Place    | Note
-------+----------+-------------------------------------------
     0 | D:1      | Armakuni the Mummy Fighter began the quest for the Orb.
     0 | D:1      | Reached XP level 1. HP: 18/18 MP: 1/1
   195 | D:1      | Reached XP level 2. HP: 21/24 MP: 2/2
   221 | D:1      | Found a faded altar of an unknown god.
  1249 | D:2      | Found a hazy altar of Hepliaklqana.
  1356 | D:2      | Reached XP level 3. HP: 29/29 MP: 3/3
  1638 | D:2      | Noticed Sigmund
  2903 | D:3      | Reached XP level 4. HP: 13/35 MP: 4/4
  3134 | D:2      | Killed Sigmund
  3135 | D:2      | Reached XP level 5. HP: 32/41 MP: 5/5
  3312 | D:2      | Reached XP level 6. HP: 44/47 MP: 6/6
  3520 | D:3      | Found a shimmering blue altar of Sif Muna.
  4241 | D:4      | Found Zestron's Assorted Antiques.
  4255 | D:4      | Noticed Duvessa
  4256 | D:4      | Noticed Dowan
  4257 | D:4      | Bought a scroll labelled GUC MAIMIOHASK for 27 gold pieces
  4259 | D:4      | Killed Dowan
  4260 | D:4      | Reached skill level 1 in Evocations
  4262 | D:4      | HP: 1/48 [Duvessa (19)]
  4263 | D:4      | Killed Duvessa
  4264 | D:4      | Reached skill level 4 in Fighting
  4762 | D:4      | Found a hazy altar of Hepliaklqana.
  4783 | D:4      | Reached XP level 7. HP: 29/55 MP: 7/7
  5051 | D:4      | Found an ancient bone altar of Kikubaaqudgha.
  5155 | D:4      | Noticed Edmund
  5158 | D:4      | Killed Edmund
  5159 | D:4      | Reached skill level 5 in Fighting
  5486 | D:5      | Entered Level 5 of the Dungeon
  5682 | D:5      | Identified the +3 leather armour of the Ward {Str+2}
  5979 | D:5      | Reached skill level 6 in Fighting
  6071 | D:5      | Noticed Grinder
  6087 | D:4      | Paralysed by Grinder for 5 turns
  6159 | D:5      | HP: 2/58 [water moccasin (2)]
  6160 | D:5      | Slain by a water moccasin

Illustrated notes

Levels and vault maps discovered:
D:1:      eino_arrival_water_star, layout_basic, basic_ecumenical_altar
D:2:      layout_loops_corners, basic_altar, uniq_sigmund
D:3:      layout_basic, led_sif_pool, minmay_ruptured
D:4:      layout_loops_corners, nicolae_kikubaaqudgha_miasma_corner,
          nzn_hepliaklqana_mist_gate, serial_shops, shop, uniq_edmund,
          uniq_duvessa
D:5:      layout_cave_pools, minmay_misc_feat_x, uniq_grinder, uniq_menkaure

Skill      XL: |  1  2  3  4  5  6  7 |
---------------+----------------------+-----
Maces & Flails | 2 4 |  4.0
Shields        | 3 4 |  4.0
Evocations     | 2 3 |  3.0
Fighting       | 4 6 |  6.2
Armour         | |  2.4

Action                   |  1- 3 |  4- 6 |  7- 9 || total
-------------------------+-------+-------+-------++-------
Melee: Flail             |    93 |       |       ||    93
       Mace              |    61 |    61 |   106 ||   228
Throw: Throwing net      |       |       |     1 ||     1
Evoke: Wand              |       |     8 |     4 ||    12
  Use: Scroll            |     8 |     2 |     1 ||    11
Armor: Scale mail        |    62 |    12 |       ||    74
       Ring mail         |       |     6 |    19 ||    25
       Leather armour    |       |       |    24 ||    24
Dodge: Dodged            |    66 |    27 |    58 ||   151
Block: Buckler           |    32 |     9 |    25 ||    66

Table legend: (Time is in decaauts)
 A = Elapsed time spent in this place.
 B = Non-inter-level travel time spent in this place.
 C = Inter-level travel time spent in this place.
 D = Time resting spent in this place.
 E = Time spent auto-exploring this place.
 F = Levels seen in this place.
 G = Mean time per level.
                   A        B        C        D        E       F      G
               +--------+--------+--------+--------+--------+-----+--------+
         Total |   6262 |   6031 |    231 |   1584 |   2979 |   5 | 1252.4 |
       Dungeon |   6262 |   6031 |    231 |   1584 |   2979 |   5 | 1252.4 |
               +--------+--------+--------+--------+--------+-----+--------+

Top non-repeatable levels by time:
     D:3: 1727 daAuts
     D:4: 1596 daAuts
     D:1: 1408 daAuts
     D:2: 1072 daAuts
     D:5: 456 daAuts
